 Dungeon Crawl Stone Soup version 0.28.0-53-g5a82cb258f (webtiles) character file.

Game seed: 18208523776908713877

5394 ILmort the Nimble (level 10, -10/104 HPs)
             Began as a Troll Berserker on Aug 6, 2022.
             Was a High Priest of Trog.
             Mangled by an orc warrior
             ... wielding a +2 trident of venom
              (14 damage)
             ... on level 8 of the Dungeon.
             The game lasted 00:25:29 (7468 turns).

ILmort the Nimble (Troll Berserker)                 Turns: 7468, Time: 00:25:30

Health: -10/104    AC:  6    Str: 29    XL:     10   Next: 40%
Magic:  0/9        EV: 15    Int:  3    God:    Trog [*****.]
Gold:   284        SH:  0    Dex: 17    Spells: 9/9 levels left

rFire   + . .      SeeInvis .     - Unarmed
rCold   . . .      Faith    .   (no shield)
rNeg    . . .      Spirit   +   a - +1 animal skin
rPois   .          Reflect  .   b - +0 hat
rElec   .          Harm     .   o - +0 cloak
rCorr   .          Rampage  .   (gloves unavailable)
Will    .....                   (boots unavailable)
Stlth   ++........              i - amulet of guardian spirit
HPRegen 1.07/turn               c - ring of protection from fire
MPRegen 0.11/turn               j - +6 ring of dexterity

@: lethally poisoned (-10 -> -29), about to teleport, studying Dodging
A: large, unfitting armour, claws 3, regeneration 1, shaggy fur 1, tough skin 1
a: Renounce Religion, Berserk, Trog's Hand, Brothers in Arms


You were on level 8 of the Dungeon.
You worshipped Trog.
Trog was extremely pleased with you.
You visited 1 branch of the dungeon, and saw 8 of its levels.

You collected 544 gold pieces.
You spent 260 gold pieces at shops.

Inventory:

Armour
 a - a +1 animal skin (worn)
 b - a +0 hat (worn)
 e - a +0 robe
 o - a +0 cloak (worn)
 q - a scarf of resistance
Jewellery
 c - a ring of protection from fire (left claw)
 i - an amulet of guardian spirit (around neck)
 j - a +6 ring of dexterity (right claw)
 p - a +6 ring of intelligence
 t - a ring of flight
 u - a ring of resist corrosion
 y - a ring of willpower
Wands
 f - a wand of flame (19)
 w - a wand of charming (12)
 x - a wand of iceblast (11)
Scrolls
 d - 11 scrolls of identify
 g - 2 scrolls of fog
 r - 2 scrolls of enchant armour
 s - a scroll of silence {unknown}
 v - a scroll of teleportation
 z - a scroll of brand weapon {unknown}
 A - a scroll of holy word {unknown}
 B - a scroll of vulnerability {unknown}
Potions
 h - 2 potions of might
 k - a potion of curing {unknown}
 l - 4 potions of degeneration
 m - 2 potions of haste {unknown}
 n - a potion of magic {unknown}


   Skills:
 + Level 8.0 Fighting
 + Level 10.5 Dodging
 + Level 9.5 Unarmed Combat


You had 9 spell levels left.
You didn't know any spells.
Your spell library was empty.

Dungeon Overview and Level Annotations

Branches:
Dungeon (8/15)             Temple (0/1) D:7
   Lair: D:8-11

Altars:
Ashenzari
Dithmenos
Kikubaaqudgha
Qazlal
Sif Muna
Zin

Shops:
D:1 (   D:5 [   D:7 =

Annotations:
D:6 2 runed translucent doors


Innate Abilities, Weirdness & Mutations

You are too large for most types of armour.
You have claws for hands.
Your natural rate of healing is unusually fast.
You are covered in fur. (AC +1)
You have tough skin. (AC +1)


Message History

You feel sick.
The orc priest begins to cast a cantrip, but forgets the words!
The orc warrior hits you with a +2 trident of venom!!
You are more poisoned.
The orc priest hits you with a +0 club.
You scratch the orc warrior but do no damage.
The orc warrior is lightly wounded.
You feel very sick.
The orc priest begins to cast a cantrip, but forgets the words!
You scratch the orc warrior.
The orc warrior is moderately wounded.
You feel very sick. The orc warrior barely misses you. The orc misses you.
The orc priest misses you.
You scratch the orc warrior but do no damage.
The orc warrior is moderately wounded.
You feel very sick.
The orc warrior hits you with a +2 trident of venom!
You are more poisoned.
The orc priest barely misses you.
As you read the scroll of teleportation, it crumbles to dust.
You feel strangely unstable.
You feel extremely sick. The orc warrior barely misses you.
The orc hits you with a +0 war axe.
* * * LOW HITPOINT WARNING * * *
You feel very sick. The orc priest barely misses you.
The orc warrior hits you with a +2 trident of venom!
* * * LOW HITPOINT WARNING * * *
You are lethally poisoned!
The orc priest hits you with a +0 club.
* * * LOW HITPOINT WARNING * * *
The orc closely misses you.
The orc priest hits you with a +0 dagger.
* * * LOW HITPOINT WARNING * * *
* * * LOW HITPOINT WARNING * * *
You feel extremely sick.
The orc priest miscasts a cantrip.
The orc warrior hits you with a +2 trident of venom!!
You die...

#.# #..# ##...## #.##
#.####..# ##'## #.#
#.#.....# #.# #.#
#.#.###.# #.# #.#
#.#.###.### ##.#########.#
#.........###..........#.#
###.##.....#.....#####.#.#
#....ooo#...##.###.#.#
#....o.@##..#........#
#........o###.##.###.###
####.............# #.#
##...#####.######.# #####
#........# ##########


You could see an orc warrior, 3 orc priests and an orc.

Vanquished Creatures
  A two-headed ogre (D:6)
  A cyclops (D:6)
  A manticore (D:6)
  A kobold demonologist (D:6)
  Grinder (D:3)
  A yak (D:6)
  A steam dragon (D:7)
  Menkaure (D:5)
  An acid dragon (D:8)
  Duvessa (D:7)
  4 black bears
  An ice beast (D:6)
  2 sky beasts (D:6)
  An orc warrior (D:8)
  3 ogres
  4 centaurs
  A phantom (D:5)
  Blork the orc (D:4)
  A kobold brigand (D:6)
  A bullfrog (D:6)
  A scorpion (D:4)
  A gnoll sergeant (D:4)
  A wyvern zombie (D:7)
  A wyvern skeleton (D:6)
  Dowan (D:7)
  2 water moccasin skeletons
  6 wights (D:8)
  A howler monkey (D:8)
  3 orc priests
  2 gnoll shamans
  2 hounds (D:4)
  A jelly (D:8)
  A centaur skeleton (D:5)
  4 iguanas
  2 bullfrog skeletons
  3 orc wizards
  2 killer bee zombies
  A howler monkey zombie (D:4)
  7 gnolls
  A howler monkey skeleton (D:5)
  5 adders
  A shadow imp (D:6)
  3 white imps
  An ufetubus (D:6)
  2 worms (D:3)
  A dart slug (D:3)
  35 orcs
  11 endoplasms
  6 goblins
  5 hobgoblins
  15 kobolds
  4 quokkas (D:2)
  6 ball pythons
  9 bats
  4 frilled lizards
  7 rats
187 creatures vanquished.

Notes
Turn   | Place    | Note
-------+----------+-------------------------------------------
     0 | D:1      | ILmort the Troll Berserker began the quest for the Orb.
     0 | D:1      | Reached XP level 1. HP: 22/22 MP: 0/0
    38 | D:1      | Found a faded altar of an unknown god.
   104 | D:1      | Reached XP level 2. HP: 29/29 MP: 1/1
   155 | D:1      | Found Yrynax's Weapon Boutique.
   758 | D:2      | Reached XP level 3. HP: 36/36 MP: 2/2
   759 | D:2      | Reached ** piety under Trog
  1204 | D:2      | Reached skill level 3 in Dodging
  1761 | D:3      | Reached XP level 4. HP: 39/45 MP: 3/3
  1906 | D:3      | Noticed Grinder
  1914 | D:3      | Paralysed by Grinder for 3 turns
  1926 | D:3      | Paralysed by Grinder for 5 turns
  1935 | D:3      | Killed Grinder
  1936 | D:3      | Reached XP level 5. HP: 26/54 MP: 2/4
  1936 | D:3      | Reached XP level 6. HP: 30/62 MP: 2/5
  2302 | D:3      | Found a glowing silver altar of Zin.
  2364 | D:3      | Found an ancient bone altar of Kikubaaqudgha.
  2526 | D:4      | Reached skill level 4 in Dodging
  2562 | D:4      | Found a shadowy altar of Dithmenos.
  2587 | D:4      | Reached skill level 5 in Unarmed Combat
  2625 | D:4      | Reached *** piety under Trog
  2626 | D:4      | Reached XP level 7. HP: 71/71 MP: 6/6
  2773 | D:4      | Noticed Blork the orc
  2779 | D:4      | Killed Blork the orc
  2780 | D:4      | Reached skill level 5 in Dodging
  3513 | D:5      | Entered Level 5 of the Dungeon
  3564 | D:5      | Noticed Menkaure
  3572 | D:5      | Killed Menkaure
  3573 | D:5      | Reached skill level 5 in Fighting
  3573 | D:5      | Reached XP level 8. HP: 80/80 MP: 5/7
  3691 | D:5      | Reached skill level 6 in Dodging
  3983 | D:5      | Found Sibukikh's Armour Shoppe.
  4141 | D:5      | Found a stormy altar of Qazlal.
  4615 | D:6      | Reached skill level 7 in Dodging
  4747 | D:6      | Reached **** piety under Trog
  4885 | D:6      | Found a large runed translucent door.
  4885 | D:6      | Found a large runed translucent door.
  4889 | D:6      | Noticed a cyclops
  4920 | D:6      | HP: 4/83 [cyclops (30)]
  5060 | D:6      | Killed a cyclops
  5061 | D:6      | Reached skill level 8 in Dodging
  5061 | D:6      | Reached XP level 9. HP: 92/92 MP: 8/8
  5083 | D:6      | Found a large runed translucent door.
  5084 | D:6      | Found a large runed translucent door.
  5117 | D:6      | Noticed a two-headed ogre
  5127 | D:6      | Killed a two-headed ogre
  5132 | D:6      | Reached skill level 9 in Dodging
  5256 | D:6      | Noticed a kobold demonologist
  5266 | D:6      | Killed a kobold demonologist
  5349 | D:6      | Noticed a manticore
  5364 | D:6      | Killed a manticore
  5453 | D:6      | Reached XP level 10. HP: 93/102 MP: 9/9
  5739 | D:7      | Noticed Duvessa
  5739 | D:7      | Noticed Dowan
  5750 | D:7      | Killed Duvessa
  5755 | D:7      | Killed Dowan
  5826 | D:7      | Found Geij's Jewellery Shoppe.
  5833 | D:7      | Bought a ring of resist corrosion for 260 gold pieces
  5912 | D:7      | Found a staircase to the Ecumenical Temple.
  6225 | D:7      | Found a shimmering blue altar of Sif Muna.
  6396 | D:7      | Reached skill level 10 in Dodging
  7185 | D:8      | Found a broken altar of Ashenzari.
  7203 | D:8      | Reached ***** piety under Trog
  7468 | D:8      | HP: 4/104 [poisoned by an orc warrior]
  7468 | D:8      | Mangled by an orc warrior

Illustrated notes

Levels and vault maps discovered:
D:1:      heliophobic_arrival_dark_side_of_the_moon, layout_basic, serial_shops,
          nicolae_shop_bloodbath_and_beyond, basic_ecumenical_altar,
          hangedman_decor_peaks_small, nicolae_concentric_dashed_squares_mild
D:2:      layout_basic, kennysheep_path_1, minmay_octomino_c4
D:3:      layout_loops_cross, mainiacjoe_overflow_catch_the_wave, uniq_grinder
D:4:      layout_gridville, nicolae_dithmenos_through_a_glass_darkly,
          grunt_decor_arrowhead, minmay_manual_monolith, uniq_blork_the_orc
D:5:      layout_loops_ring, mainiacjoe_overflow_24_doors, serial_shops,
          nicolae_shop_hallway_stairs, uniq_menkaure
D:6:      layout_gridville, solitary_fountain, minmay_hollow_rounded_squares
D:7:      layout_loops_cross, led_sif_pool, minmay_temple_entry_tees,
          serial_shops, nicolae_stop_n_shop_1, uniq_duvessa
D:8:      layout_loops_corners, evilmike_ruin_ashenzari

Skill      XL: |  1  2  3  4  5  6  7  8  9 10 |
---------------+-------------------------------+-----
Dodging        | 3 4 5 8 9 10 | 10.5
Fighting       | 3 4 5 6 7 8 |  8.0
Unarmed Combat | 4 5 6 7 8 9 |  9.5

Action                   |  1- 3 |  4- 6 |  7- 9 | 10-12 || total
-------------------------+-------+-------+-------+-------++-------
Melee: Unarmed           |    93 |    74 |   231 |   128 ||   526
       Punch             |       |     3 |    21 |     2 ||    26
Invok: Berserk           |       |       |     2 |       ||     2
  Use: Scroll            |       |     7 |     3 |     1 ||    11
 Stab: Sleeping          |     1 |       |     1 |       ||     2
Armor: Animal skin       |    27 |    23 |    45 |    28 ||   123
Dodge: Dodged            |    60 |    24 |   114 |   107 ||   305
